 Dungeon Crawl Stone Soup version 0.31-a0-801-gc67433417a (webtiles) character file.

Game seed: 7612391600101690594

71 Essalna the Conjurer (level 4, -4/30 HPs)
             Began as a Demonspawn Conjurer on Sept 20, 2023.
             Slain by an iguana (11 damage)
             ... on level 5 of the Dungeon.
             The game lasted 00:03:10 (2217 turns).

Essalna the Conjurer (Demonspawn Conjurer)          Turns: 2217, Time: 00:03:10

Health: -4/30      AC:  2    Str:  7    XL:     4   Next: 5%
Magic:  8/8        EV: 12    Int: 21    God:
Gold:   98         SH:  0    Dex: 12    Spells: 8/9 levels left

rFire   + . .        h - staff of conjuration
rCold   . . .        (no shield)
rNeg    . . .        a - +0 robe
rPois   .            (no helmet)
rElec   .            (no cloak)
rCorr   .            (no gloves)
SInv    .            (no boots)
Will    .....        (no amulet)
Stlth   ++           i - ring of protection from fire
HPRegen 0.25/turn    (no ring)
MPRegen 0.11/turn

%: no passive effects
@: no status effects
A: ignite blood 1, weakness stinger 1
a: no special abilities


You were on level 5 of the Dungeon.
You visited 1 branch of the dungeon, and saw 5 of its levels.

You collected 98 gold pieces.

Inventory:

Hand Weapons
 c - a +0 mace
Armour
 a - a +0 robe (worn)
Magical Staves
 h - a staff of conjuration (weapon)
Jewellery
 i - a ring of protection from fire (left hand)
Scrolls
 d - 2 scrolls of enchant armour {unknown}
 e - 4 scrolls of noise {unknown}
 f - a scroll of vulnerability {unknown}
 g - a scroll of amnesia {unknown}
 l - a scroll of blinking {unknown}
 m - a scroll of immolation {unknown}
Potions
 b - a potion of magic
 j - 2 potions of mutation {unknown}
 k - 2 potions of curing {unknown}
 n - a potion of might {unknown}


   Skills:
 - Level 1.7 Dodging
 - Level 1.7 Stealth
 + Level 3.2 Spellcasting
 + Level 4.9 Conjurations


You had 8 spell levels left.
You knew the following spells:

 Your Spells              Type           Power      Damage    Failure   Level
a - Magic Dart            Conj           100%       1d8       1%          1

Your spell library contained the following spells:

 Spells                   Type           Power      Damage    Failure   Level
 Searing Ray              Conj           70%        2d7       2%          2
 Dazzling Flash           Conj/Hex       40%        N/A       14%         3
 Ensorcelled Hibernation  Hex/Ice        6%         N/A       21%         2
 Jinxbite                 Hex            6%         N/A       21%         2
 Fulminant Prism          Conj/Hex       10%        3d9       43%         4
 Iskenderun's Mystic Bla  Conj/Tloc      20%        2d6       43%         4
 Anguish                  Hex/Necr       1%         N/A       78%         4


Dungeon Overview and Level Annotations

Branches:
Dungeon (5/15)
 Temple: D:4-7

Altars:

Shops:
D:1 ?


Innate Abilities, Weirdness & Mutations

Your demonic aura sometimes causes spilled blood to erupt in flames.
You have a small tail.


Message History

You have reached level 4!
You feel agile.
Your demonic ancestry asserts itself...
You grow a small tail.
You climb downwards.
Found a scroll labelled VIENKA CUFOHA and 2 stones.
Found a stone staircase leading down.
There is a stone staircase leading up here.
Magic restored.
e - 4 scrolls labelled VIENKA CUFOHA (gained 1)
Found a leather armour.
Key pressed, stopping explore.
Found a robe.
There is a stone staircase leading down here.
You climb downwards.
There is a stone staircase leading up here.
Key pressed, stopping explore.
Found a stone staircase leading down.
There is a stone staircase leading down here.
Key pressed, stopping explore.
You now have 98 gold pieces (gained 12).
Found a stone staircase leading up.
Key pressed, stopping explore.
An iguana comes into view.
The iguana hisses angrily.
An iguana is nearby!
The iguana bites you but does no damage.
The iguana bites you! The iguana misses you.
The iguana bites you but does no damage.
The iguana bites you!
* * * LOW HITPOINT WARNING * * *
The iguana closely misses you. The iguana misses you.
The iguana barely misses you. The iguana misses you.
The iguana closely misses you. The iguana closely misses you.
The iguana barely misses you. The iguana bites you!
You die...

#.# #.# # #.#
#. #.# #. #.#
#.###.##
#......#
#####......#
.......@...#
......l....#
..#........#
#....:...#
#....$...#
.!.........
#.###########
#.


You could see an iguana.

Vanquished Creatures
  A gnoll (D:3)
  3 adders
  2 orcs (D:3)
  A ball python (D:1)
  2 endoplasms
  2 giant cockroaches (D:2)
  4 hobgoblins
  2 quokkas
  5 bats
  A frilled lizard (D:1)
  A goblin (D:3)
  5 kobolds
  6 rats
35 creatures vanquished.

Notes
Turn   | Place    | Note
-------+----------+-------------------------------------------
     0 | D:1      | Essalna the Demonspawn Conjurer began the quest for the
                  | Orb.
     0 | D:1      | Reached XP level 1. HP: 13/13 MP: 3/3
   318 | D:1      | Gained mutation: Your demonic aura sometimes causes spilled
                  | blood to erupt in flames. [demonic ancestry]
   318 | D:1      | Reached XP level 2. HP: 19/19 MP: 1/5
   684 | D:1      | Found Ypeghi's Magic Scroll Shoppe.
  1028 | D:2      | Reached XP level 3. HP: 24/24 MP: 0/7
  2046 | D:3      | Gained mutation: You have a small tail. [demonic ancestry]
  2046 | D:3      | Reached XP level 4. HP: 30/30 MP: 0/8
  2132 | D:5      | Entered Level 5 of the Dungeon
  2217 | D:5      | Slain by an iguana

Illustrated notes

Levels and vault maps discovered:
D:1:      saegor_arrival_simple_b, layout_loops_ring, serial_shops, shop,
          wad_floor_pattern_untrapped, nrook_mini_backslash
D:2:      layout_basic
D:3:      layout_loops_cross, xom_redecorated, nzn_wu_jian_contemplation,
          gammafunk_ghost_nasty_kobolds, ebering_ecumenical_altar_ruins
D:4:      layout_loops_ring, mainiacjoe_overflow_six_doors_small
D:5:      layout_basic, serial_corexii_hall, corexii_hall_statues_u,
          corexii_hall_statues_i, kennysheep_boxes

Skill      XL: |  1  2  3 |
---------------+----------+-----
Spellcasting   | 3 |  3.2
Dodging        | |  1.7
Stealth        | |  1.7
Conjurations   | |  4.9

Action                     |  1- 3 |  4- 6 || total
---------------------------+-------+-------++-------
  Melee: Mace              |     1 |       ||     1
   Cast: Magic Dart        |    65 |       ||    65
 Armour: Robe              |     4 |     5 ||     9
  Dodge: Dodged            |     7 |     8 ||    15

Table legend: (Time is in decaauts)
 A = Elapsed time spent in this place.
 B = Non-inter-level travel time spent in this place.
 C = Inter-level travel time spent in this place.
 D = Time resting spent in this place.
 E = Time spent auto-exploring this place.
 F = Levels seen in this place.
 G = Mean time per level.
                   A        B        C        D        E       F      G
               +--------+--------+--------+--------+--------+-----+--------+
         Total |   2215 |   2140 |     75 |     24 |   1937 |   5 |  443.0 |
       Dungeon |   2215 |   2140 |     75 |     24 |   1937 |   5 |  443.0 |
               +--------+--------+--------+--------+--------+-----+--------+

Top non-repeatable levels by time:
     D:2: 1007 daAuts
     D:1: 921 daAuts
     D:3: 116 daAuts
     D:5: 84 daAuts
     D:4: 84 daAuts
